AoeStats
← Samara

Arabia

510410953Analyzed
4v4 RM · 3d ago on Sep 30, 2026· 56m 49s· 8 players
Game mode
Random Map
Map size
Large (8 player)
Population
200
Speed
Normal
Resources
Standard
Victory
Conquest
Starting age
Dark Age
Ending age
Imperial Age
RankedLock teamsTeams togetherTeam positionsShared explorationLock speedFull tech treeHidden civsTurbo modeCheats
Victory
Defeat
🇲🇦 Gurjaras · Morocco
1540
+16
🇧🇷 Malians · Brazil
1514
+17
🇪🇨 Vietnamese · Ecuador
1505
+17
🇦🇷 Maya · Argentina
1391
+22
🇧🇷 Berbers · Brazil
1794
-27
🇧🇷 Mongols · Brazil
1679
-24
🇧🇷 Poles · Brazil
1476
-16
🇧🇷 Saxons · Brazil
1169
-5
Maty
6:27 Loom
8:54 Feudal Age
9:23 Double-Bit Axe
9:18 Horse Collar
17:58 Wheelbarrow
18:06 Wheelbarrow
20:41 Castle Age
19:48 Bloodlines
19:44 Scale Barding Armor
21:14 Forging
21:36 Husbandry
20:57 Light Cavalry
21:59 Chain Barding Armor
23:39 Bow Saw
24:15 Gold Mining
24:28 Heavy Plow
25:10 Town Watch
33:28 Hand Cart
37:55 Imperial Age
36:14 Stone Mining
39:20 Plate Barding Armor
38:06 Cavalier
40:47 Crop Rotation
41:56 Ballistics
43:06 Fletching
43:19 Padded Archer Armor
44:47 Chemistry
44:55 Bodkin Arrow
45:17 Leather Archer Armor
45:13 Masonry
44:57 Elite Rattan Archer
45:38 Bracer
47:11 Two-Man Saw
45:53 Treadmill Crane
46:33 Scale Mail Armor
46:34 Squires
47:46 Stone Shaft Mining
48:22 Hoardings
48:04 Chain Mail Armor
48:36 Ring Archer Armor
48:42 Iron Casting
48:46 Town Patrol
50:44 Plate Mail Armor
50:41 Guilds
51:02 Coinage
50:33 Caravan
51:00 Siege Engineers
50:51 Murder Holes
Samara
6:49 Loom
8:56 Feudal Age
12:59 Horse Collar
14:19 Double-Bit Axe
20:00 Castle Age
18:14 Fletching
19:03 Bloodlines
19:34 Padded Archer Armor
20:39 Bodkin Arrow
21:07 Bow Saw
22:19 Ballistics
22:07 Husbandry
24:02 Leather Archer Armor
28:55 Wheelbarrow
28:07 Town Watch
35:09 Imperial Age
33:14 Thumb Ring
35:30 Elite Elephant Archer
36:18 Bracer
38:13 Chemistry
37:49 Herbal Medicine
44:56 Scale Barding Armor
45:02 Forging
45:09 Hand Cart
44:40 Light Cavalry
46:04 Hussar
49:21 Chain Barding Armor
49:37 Iron Casting
52:08 Coinage
51:39 Caravan
53:01 Conscription
53:36 Plate Barding Armor
53:33 Scale Mail Armor
53:17 Elite Chakram Thrower
55:05 Heavy Plow
55:41 Chain Mail Armor
57:44 Plate Mail Armor
EoK_pr1ston
7:23 Loom
9:44 Feudal Age
10:43 Double-Bit Axe
16:50 Fletching
26:11 Castle Age
26:49 Bodkin Arrow
28:11 Crossbowman
29:31 Ballistics
34:00 Padded Archer Armor
36:41 Horse Collar
39:05 Wheelbarrow
38:24 Elite Skirmisher
42:20 Leather Archer Armor
42:28 Town Watch
47:15 Imperial Age
45:24 Heavy Plow
46:14 Scale Mail Armor
46:25 Forging
46:55 Squires
46:15 Man-at-Arms
48:27 Conscription
48:45 Ring Archer Armor
48:13 Long Swordsman
50:15 Chemistry
50:44 Two-Handed Swordsman
55:26 Chain Mail Armor
56:41 Plate Mail Armor
56:45 Champion
58:03 Iron Casting
EWC KukaLLi7
0:29 Loom
9:18 Feudal Age
13:45 Double-Bit Axe
14:36 Scale Mail Armor
16:29 Forging
19:51 Arson
28:56 Castle Age
27:15 Gold Mining
27:06 Horse Collar
29:12 Eagle Warrior
30:32 Squires
33:16 Chain Mail Armor
35:27 Iron Casting
35:56 Wheelbarrow
36:28 Bow Saw
38:05 Heavy Plow
45:06 Imperial Age
44:56 Hand Cart
45:15 Elite Eagle Warrior
46:54 Plate Mail Armor
47:57 Blast Furnace
50:28 Holcans
52:05 Conscription
55:02 Capped Ram
57:06 Two-Man Saw
PNLN | leomota21
5:57 Loom
9:18 Feudal Age
9:48 Double-Bit Axe
15:19 Horse Collar
22:09 Castle Age
20:11 Gold Mining
20:28 Scale Barding Armor
21:07 Forging
21:36 Bloodlines
23:02 Bow Saw
23:26 Chain Barding Armor
23:15 Husbandry
25:30 Fletching
29:01 Town Watch
30:35 Heavy Plow
33:25 Wheelbarrow
33:55 Stone Mining
36:12 Iron Casting
42:34 Imperial Age
40:43 Bodkin Arrow
40:48 Padded Archer Armor
41:15 Ballistics
40:31 Elite Skirmisher
43:47 Leather Archer Armor
45:01 Chemistry
44:07 Bracer
45:47 Stone Shaft Mining
46:06 Thumb Ring
46:42 Conscription
47:44 Crop Rotation
48:38 Blast Furnace
47:43 Elite Genitour
52:35 Coinage
52:06 Caravan
53:00 Heavy Mounted Crossbowman
54:49 Murder Holes
55:05 Fortified Wall
55:49 Hoardings
55:30 Szlachta Privileges
GAX | Huns N' Roses
7:49 Feudal Age
6:44 Loom
8:45 Double-Bit Axe
9:10 Horse Collar
15:15 Scale Barding Armor
17:19 Wheelbarrow
21:12 Castle Age
19:59 Bloodlines
19:52 Gold Mining
22:07 Bow Saw
22:20 Chain Barding Armor
22:01 Husbandry
30:46 Forging
31:51 Forging
31:57 Hand Cart
33:42 Iron Casting
35:54 Fletching
37:26 Town Watch
41:07 Imperial Age
38:25 Light Cavalry
47:28 Blast Furnace
47:13 Bodkin Arrow
48:19 Padded Archer Armor
49:49 Bracer
50:36 Ballistics
PNLN | TL
9:35 Feudal Age
7:53 Loom
11:57 Double-Bit Axe
PNLN | PG9
5:52 Loom
8:31 Feudal Age
9:38 Double-Bit Axe
13:35 Fletching
21:49 Castle Age
19:53 Horse Collar
20:37 Gold Mining
22:57 Wheelbarrow
21:51 Crossbowman
22:03 Crossbowman
22:39 Bodkin Arrow
23:48 Bow Saw
26:07 Ballistics
28:11 Padded Archer Armor
28:53 Thumb Ring
30:18 Leather Archer Armor
31:29 Town Watch
40:38 Imperial Age
39:16 Gold Shaft Mining
39:04 Stone Mining
39:14 Heavy Plow
39:36 Hand Cart
40:40 Bloodlines
40:31 Husbandry
41:22 Bracer
42:37 Chemistry
42:26 Ring Archer Armor
42:58 Elite Camel Archer
44:37 Coinage
45:13 Conscription
45:15 Murder Holes
45:02 Treadmill Crane
45:34 Masonry
46:42 Kasbah
49:06 Hoardings
49:34 Siege Engineers
49:35 Maghrebi Camels
53:08 Banking
54:06 Elite Genitour
Connection lost

Rejoining the realm…

Still unreachable

The connection could not be restored.

Session expired

The server has moved on; the page needs a fresh start.